 Dungeon Crawl Stone Soup version 0.26.1-11-gd32895ea62 (webtiles) character file.

Game seed: 3171024606382933620

13913 Goratra1 the Cleaver (level 11, 0/102 HPs)
             Began as a Minotaur Berserker on May 25, 2021.
             Was a High Priest of Trog.
             Slain by a vampire mosquito (7 damage)
             ... on level 6 of the Lair of Beasts on June 6, 2021.
             The game lasted 01:03:22 (10531 turns).

Goratra1 the Cleaver (Minotaur Berserker)          Turns: 10531, Time: 01:03:23

Health: 0/102      AC: 17    Str: 25    XL:     11   Next: 81%
Magic:  10/10      EV: 12    Int:  8    God:    Trog [*****.]
Gold:   636        SH:  0    Dex: 12    Spells: 10/10 levels left

rFire    + + .     SeeInvis .   U - +4 war axe
rCold    + . .     Faith    .   (no shield)
rNeg     . . .     Spirit   .   O - +4 ring mail {rF+}
rPois    .         Reflect  .   (helmet restricted)
rElec    .         Harm     .   F - scarf {rC+ rF+}
rCorr    .         Rampage  .   (no gloves)
Will     .....                  (no boots)
Stlth    ..........             H - amulet of regeneration
HPRegen  0.67/turn              z - +6 ring of intelligence
MPRegen  0.12/turn              Q - +4 ring of protection

@: no status effects
A: retaliatory headbutt, hooves 1, horns 2, slimy green scales 1, agile 1, dopey
1
a: Renounce Religion, Berserk, Trog's Hand, Brothers in Arms


You were on level 6 of the Lair of Beasts.
You worshipped Trog.
Trog was extremely pleased with you.
You visited 3 branches of the dungeon, and saw 17 of its levels.

You collected 720 gold pieces.
You spent 84 gold pieces at shops.

Inventory:

Hand Weapons
 a - a +1 halberd of freezing
 h - a +0 club
 i - a +0 dagger
 l - a +0 short sword
 m - a +0 spear
 n - a +0 club
 o - a +11 club {bb}
 u - a +0 hunting sling of freezing
 T - a +0 giant spiked club
 U - a +4 war axe (weapon)
 V - a +0 morningstar
Missiles
 q - 80 bolts
 t - 21 poisoned darts (quivered)
 B - 2 boomerangs
Armour
 b - a +0 animal skin
 c - a +0 leather armour
 j - a +0 robe
 k - a +0 buckler
 p - a +0 helmet
 r - a +1 scale mail of positive energy
 C - a +0 chain mail
 E - a +0 scale mail of poison resistance
 F - a scarf of resistance (worn)
 L - the +4 ring mail of the Great Game {Int+3, unknown}
   (You found it on level 6 of the Dungeon)

   It affects your intelligence (+3).
 N - a +0 ring mail
 O - a +4 ring mail of fire resistance (worn)
 W - a cursed +0 chain mail
 Z - +0 acid dragon scales
Jewellery
 z - a +6 ring of intelligence (left hand)
 G - an uncursed ring of resist corrosion
 H - an amulet of regeneration (around neck)
 Q - a +4 ring of protection (right hand)
 R - an uncursed ring of positive energy
Wands
 y - a wand of flame (10)
 I - a wand of acid (10)
 S - a wand of digging (5)
Scrolls
 d - a scroll of identify
 e - 2 scrolls of fog
 f - 8 scrolls of remove curse
 s - 2 scrolls of teleportation
 w - a scroll of magic mapping
 J - a scroll of blinking
 K - 2 scrolls of amnesia
 P - a scroll of noise {unknown}
Potions
 g - 4 potions of flight
 v - a potion of lignification
 x - 2 potions of curing
 D - 2 potions of heal wounds
 M - a potion of resistance


   Skills:
 * Level 11.4 Fighting
 * Level 14.0(15.0) Axes
 - Level 10.0(13.1) Maces & Flails
 + Level 10.3 Armour
 - Level 2.4 Dodging
 - Level 0.1 Stealth
 - Level 1.6 Evocations


You had 10 spell levels left.
You didn't know any spells.
Your spell library was empty.

Dungeon Overview and Level Annotations

Branches:
Dungeon (10/15)            Temple (1/1) D:4            Lair (6/6) D:10
  Slime (0/5) Lair:5
  Swamp: Lair:2-4    Shoals: Lair:2-4     Snake: Lair:2-4    Spider: Lair:2-4
    Orc: D:9-12

Altars:
Ashenzari
Cheibriados
Dithmenos
Elyvilon
Fedhas
Gozag
Hepliaklqana
Kikubaaqudgha
Makhleb
Nemelex Xobeh
Okawaru
Qazlal
Ru
Sif Muna
Trog
Uskayaw
Vehumet
Wu Jian
Xom
Yredelemnul
Zin
The Shining One

Shops:
D:3 *   D:4 (   D:5 [   D:7 !


Innate Abilities, Weirdness & Mutations

You reflexively headbutt those who attack you in melee.
You have a pair of horns on your head.
You have large cloven feet.
You are partially covered in slimy green scales. (AC +2)
You are agile. (Dex +2)
You are dopey. (Int -2)


Message History

You furiously retaliate!
You headbutt the vampire mosquito.
The blink frog blinks!
The water moccasin bites you but does no damage.
The vampire mosquito misses you. You furiously retaliate!
You headbutt the vampire mosquito. The vampire mosquito bites you.
* * * LOW HITPOINT WARNING * * *
The vampire mosquito draws strength from your injuries!
The vampire mosquito barely misses you.
As you read the scroll of teleportation, it crumbles to dust.
You feel strangely stable.
The vampire mosquito bites you but does no damage.
The vampire mosquito closely misses you.
You furiously retaliate!
You headbutt the vampire mosquito.
The vampire mosquito completely misses you.
The water moccasin closely misses you. You furiously retaliate!
You headbutt the water moccasin.
A vampire mosquito comes into view.
The vampire mosquito bites you but does no damage.
The vampire mosquito bites you!
You die...

##=F†.†.....##
##...?..††..#
#.#.F.F..§.P#
##....F..y###
##...F##††.#
##..##FFFP##
######F..P##
###yF...#
#.@yF.#.# ..
#FyS....# ##..
##....### .P..#
#l..## .....##
##.P.# .......
#..#.##
..P....###.#..#.#
#P.P...####...##
#..<.##.....#


You could see a komodo dragon, 4 cane toads, a water moccasin, 4 vampire
mosquitoes and 2 bullfrogs.

Vanquished Creatures
  Harold (D:8)
  A hydra (Lair:3)
  Fannar (Lair:1)
  A two-headed ogre (D:9)
  A death yak (Lair:5)
  The ghost of Ulmo the Insei, a novice HaTm of Cheibriados (D:9)
  An elephant (D:10)
  4 cane toads
  A komodo dragon (Lair:3)
  Prince Ribbit (D:5)
  8 blink frogs (Lair:6)
  7 yaks
  A wyvern (D:9)
  Menkaure (D:4)
  An acid dragon (D:9)
  7 water moccasins
  3 orc warriors
  A phantom (D:7)
  4 ice beasts
  A necrophage (D:8)
  3 ogres
  2 black bears (D:10)
  9 wolves
  An eye of draining (D:8)
  4 centaurs
  A big kobold (D:9)
  4 bullfrogs
  3 scorpions
  A howler monkey (D:5)
  A wight (D:9)
  A bullfrog zombie (D:9)
  3 hounds
  4 orc priests
  A bullfrog skeleton (D:4)
  A jelly (D:8)
  5 orc wizards
  Terence (D:2)
  7 iguanas
  3 worker ants
  2 hound skeletons
  Robin (D:2)
  A worker ant zombie (D:10)
  10 adders
  2 howler monkey skeletons
  3 shadow imps
  3 white imps
  An ufetubus (D:10)
  An ooze (D:2)
  3 worms
  A dart slug (D:1)
  6 leopard geckos
  31 orcs
  4 giant cockroaches
  19 goblins
  8 hobgoblins
  3 jackals (D:2)
  13 kobolds
  6 quokkas
  2 ball pythons
  8 bats
  4 frilled lizards
  A jackal skeleton (D:4)
  A leopard gecko skeleton (D:4)
  A quokka zombie (D:9)
  5 rats
  A bush (Temple)
243 creatures vanquished.

Vanquished Creatures (collateral kills)
  A torpor snail (Lair:6)
  A blink frog (Lair:6)
  A yak (Lair:6)
3 creatures vanquished.

Vanquished Creatures (others)
  An orc warrior (D:9)
  A scorpion (D:9)
  2 hounds (D:9)
  12 fungi
  68 plants
  4 withered plants (D:2)
88 creatures vanquished.

Grand Total: 334 creatures vanquished

Notes
Turn   | Place    | Note
-------+----------+-------------------------------------------
     0 | D:1      | Goratra1 the Minotaur Berserker began the quest for the
                  | Orb.
     0 | D:1      | Reached XP level 1. HP: 19/19 MP: 0/0
    56 | D:1      | Reached XP level 2. HP: 19/27 MP: 1/1
    78 | D:1      | Reached skill level 4 in Axes
   427 | D:1      | Reached XP level 3. HP: 33/33 MP: 2/2
   437 | D:1      | Reached ** piety under Trog
  1395 | D:2      | Noticed Robin
  1406 | D:2      | Killed Robin
  1407 | D:2      | Reached XP level 4. HP: 41/41 MP: 3/3
  1609 | D:2      | Noticed Terence
  1620 | D:2      | Killed Terence
  1621 | D:2      | Reached skill level 5 in Fighting
  1811 | D:2      | Found a basalt altar of Yredelemnul.
  1945 | D:2      | Reached skill level 1 in Maces & Flails
  2469 | D:3      | Found Gozag's Platinum Reserve.
  2526 | D:3      | Reached XP level 5. HP: 42/48 MP: 4/4
  3029 | D:3      | Found an opulent altar of Gozag.
  3261 | D:4      | Found a staircase to the Ecumenical Temple.
  3306 | D:4      | Noticed Menkaure
  3314 | D:4      | Killed Menkaure
  3315 | D:4      | Reached XP level 6. HP: 57/57 MP: 5/5
  3471 | Temple   | Entered the Ecumenical Temple
  4238 | D:4      | Found Wegiat's Antique Weapon Shoppe.
  4432 | D:5      | Entered Level 5 of the Dungeon
  4474 | D:5      | Reached *** piety under Trog
  4524 | D:5      | Reached skill level 5 in Armour
  4524 | D:5      | Reached XP level 7. HP: 63/63 MP: 6/6
  4535 | D:5      | Found Kopsem's Armour Shop.
  4680 | D:5      | Found a blossoming altar of Fedhas.
  4904 | D:5      | Reached skill level 5 in Maces & Flails
  5040 | D:5      | Found an iron altar of Okawaru.
  5054 | D:5      | Noticed Prince Ribbit
  5069 | D:5      | Killed Prince Ribbit
  5281 | D:6      | Gained mutation: You are agile. (Dex +2) [potion of
                  | mutation]
  5281 | D:6      | Gained mutation: Your spells are a little harder to cast,
                  | but a little more powerful. [potion of mutation]
  5281 | D:6      | Gained mutation: You have sharp toenails. [potion of
                  | mutation]
  5322 | D:6      | Reached XP level 8. HP: 71/71 MP: 7/7
  5723 | D:6      | Got a dazzling ring mail
  5758 | D:6      | Reached skill level 1 in Evocations
  6649 | D:7      | Found Semourgh's Distillery.
  6658 | D:7      | Bought a potion of curing for 42 gold pieces
  6658 | D:7      | Bought a potion of curing for 42 gold pieces
  7638 | D:8      | Noticed Harold
  7646 | D:8      | Reached XP level 9. HP: 79/79 MP: 8/8
  7646 | D:8      | Reached **** piety under Trog
  7652 | D:8      | Killed Harold
  7706 | D:8      | Reached skill level 10 in Maces & Flails
  7837 | D:8      | Found a broken altar of Ashenzari.
  8117 | D:8      | Reached skill level 5 in Axes
  8656 | D:9      | Noticed a two-headed ogre
  8658 | D:9      | Noticed Ulmo's ghost (novice HaTm)
  8666 | D:9      | Reached skill level 6 in Axes
  8681 | D:9      | Found a transporter.
  8706 | D:9      | Found a transporter.
  8746 | D:9      | Killed Ulmo's ghost
  8747 | D:9      | Reached skill level 7 in Axes
  8747 | D:9      | Reached XP level 10. HP: 90/90 MP: 9/9
  8751 | D:9      | Killed a two-headed ogre
  8752 | D:9      | Reached skill level 8 in Axes
  8931 | D:9      | Lost mutation: Your spells are a little harder to cast, but
                  | a little more powerful. [potion of mutation]
  8931 | D:9      | Lost mutation: You are agile. (Dex +2) [potion of mutation]
  8931 | D:9      | Lost mutation: You have sharp toenails. [potion of
                  | mutation]
  8931 | D:9      | Gained mutation: You are partially covered in slimy green
                  | scales. (AC +2) [potion of mutation]
  8931 | D:9      | Gained mutation: You possess an exceptional clarity of
                  | mind. [potion of mutation]
  8931 | D:9      | Gained mutation: You have a pair of large horns on your
                  | head. [potion of mutation]
  8971 | D:9      | Lost mutation: You have a pair of large horns on your head.
                  | [potion of mutation]
  8971 | D:9      | Lost mutation: You possess an exceptional clarity of mind.
                  | [potion of mutation]
  8971 | D:9      | Gained mutation: You are agile. (Dex +2) [potion of
                  | mutation]
  8971 | D:9      | Gained mutation: You are dopey. (Int -2) [potion of
                  | mutation]
  8971 | D:9      | Gained mutation: You have large cloven feet. [potion of
                  | mutation]
  9010 | D:9      | Reached skill level 9 in Axes
  9052 | D:9      | Found a shimmering altar of Xom.
  9155 | D:10     | Entered Level 10 of the Dungeon
  9161 | D:10     | Found a staircase to the Lair.
  9161 | D:10     | Noticed an elephant
  9183 | D:10     | Killed an elephant
  9196 | D:10     | Reached skill level 10 in Axes
  9227 | Lair:1   | Entered Level 1 of the Lair of Beasts
  9279 | Lair:1   | Noticed Fannar
  9300 | Lair:1   | Killed Fannar
  9300 | Lair:1   | Reached ***** piety under Trog
  9301 | Lair:1   | Reached skill level 10 in Fighting
  9301 | Lair:1   | Reached skill level 10 in Armour
  9349 | Lair:1   | Reached skill level 11 in Axes
  9499 | Lair:2   | Noticed a cane toad
  9507 | Lair:2   | Noticed a cane toad
  9509 | Lair:2   | Killed a cane toad
  9516 | Lair:2   | Killed a cane toad
  9768 | Lair:2   | Reached XP level 11. HP: 76/99 MP: 10/10
  9849 | Lair:3   | Noticed a four-headed hydra
  9859 | Lair:3   | Killed a seven-headed hydra
  9860 | Lair:3   | Reached skill level 12 in Axes
 10339 | Lair:4   | Noticed a death yak
 10339 | Lair:4   | Noticed a death yak
 10347 | Lair:4   | Noticed a death yak
 10364 | Lair:5   | Killed a death yak
 10394 | Lair:5   | Found a staircase to the Slime Pits.
 10409 | Lair:6   | Entered Level 6 of the Lair of Beasts
 10458 | Lair:6   | Reached skill level 13 in Axes
 10509 | Lair:6   | Reached skill level 14 in Axes
 10518 | Lair:6   | HP: 4/102 [vampire mosquito (5)]
 10531 | Lair:6   | Slain by a vampire mosquito

Illustrated notes

Levels and vault maps discovered:
D:1:      saegor_arrival_miasma, layout_basic
D:2:      layout_loops_ring, minivault_27, yredelemnul_altar_generic,
          uniq_terence, uniq_robin
D:3:      layout_basic, nicolae_gozag_zags_fifth_avenue
D:4:      layout_basic, minmay_temple_entry_tees, minmay_tree_intersection,
          kennysheep_small_square, uniq_menkaure
D:5:      layout_basic, nicolae_overflow_crystal_walls, serial_shops,
          kennysheep_mini_moat, minmay_misc_feat_rugged, fedhas_altar_1,
          uniq_prince_ribbit1
D:6:      layout_loops_corners, columned_hall_lemuel
D:7:      layout_basic, serial_shops, nicolae_shop_trees
D:8:      layout_basic, cheibrodos_ashenzari_chains, uniq_harold
D:9:      layout_irregular_city, nzn_ghost_randoct,
          minmay_shop_enchanted_jewellery, chequers_serial_rivers_room_b,
          xom_confusion_cloud
D:10:     layout_basic, david_lair_generic, gammafunk_ghost_abyssal_escape,
          serial_shops, kennysheep_mini, kennysheep_generic_room_6, uniq_grum,
          uniq_josephine
Temple:   kilobyte_greek_temple
Lair:1:   layout_roguey, infiniplex_staircase_pool_2, lemuel_fruit_tree,
          uniq_fannar
Lair:2:   layout_loops_ring, spider_nest_entry_a
Lair:3:   layout_cave_pods
Lair:4:   layout_cave_pods, shoals_dummy_entry, special_room
          [special_room_mythical_zoo], uniq_snorg
Lair:5:   layout_misc_corridors, slime_dummy, minmay_lair_oklob_chamber
Lair:6:   minmay_lair_end_frog_pond, layout_cave_pods

Skill      XL: |  1  2  3  4  5  6  7  8  9 10 11 |
---------------+----------------------------------+-----
Fighting       | 4 5 6 7 8 10 11 | 11.4
Axes           | 4 7 11 14 | 14.0
Armour         | 3 4 5 6 8 9 10 | 10.3
Maces & Flails | 1 3 4 6 8 10 | 10.0
Evocations     | 1 |  1.6
Dodging        | |  2.4
Stealth        | |  0.1

Action                   |  1- 3 |  4- 6 |  7- 9 | 10-12 || total
-------------------------+-------+-------+-------+-------++-------
Melee: Hand axe          |    66 |     8 |       |       ||    74
       Headbutt          |    10 |    47 |    26 |    38 ||   121
       Club              |       |   149 |    92 |       ||   241
       Kick              |       |       |    35 |    59 ||    94
       War axe           |       |       |    61 |   189 ||   250
Invok: Berserk           |     4 |     1 |    11 |     2 ||    18
       Trog's Hand       |       |     2 |     2 |       ||     4
       Brothers in Arms  |       |       |       |     1 ||     1
Evoke: Wand              |       |     2 |     6 |       ||     8
  Use: Scroll            |       |     5 |     4 |     9 ||    18
       Potion            |       |       |     7 |     6 ||    13
Armor: Animal skin       |     8 |       |       |       ||     8
       Leather armour    |     3 |     3 |       |       ||     6
       Scale mail        |       |    23 |    13 |       ||    36
       Ring mail         |       |       |    38 |   115 ||   153
Dodge: Dodged            |    58 |    63 |    92 |   157 ||   370
